[Event "Late-Titled-Tuesday-Blitz-March-05-2024"]
[Site "Chess.com"]
[Date "2024.03.05"]
[Round "2"]
[White "LangesNasenhaar"]
[Black "Charodej1"]
[Result "1-0"]
[WhiteElo "2532"]
[BlackElo "2329"]
[TimeControl "180+1"]
[EndTime "14:16:38 PST"]
[Termination "LangesNasenhaar won by resignation"]

1. d4 Nf6 2. Nf3 e6 3. g3 c5 4. Bg2 cxd4 5. O-O Be7 6. Nxd4 O-O 7. c4 Nc6 8. Nc3 a6 9. e4 Qc7 10. b3 b6 11. Bb2 Bb7 12. Nc2 d6 13. Rc1 Rfd8 14.
Ne3 Rac8 15. Qe2 Qb8 16. Rfd1 Na7 17. f3 Bc6 18. Kh1 b5 19. Qe1 Qb7 20. Qf2 Rc7 21.
cxb5 axb5 22. Ne2 Rdc8 23. e5 Nd5 24. Nxd5 Bxd5 25. Rxc7 Rxc7 26. Nf4 dxe5 27. Nxd5 exd5 28. Bxe5 Bc5 29. Qb2 1-0

[Event "Late-Titled-Tuesday-Blitz-March-05-2024"]
[Site "Chess.com"]
[Date "2024.03.05"]
[Round "2"]
[White "Road2GM3000"]
[Black "rionelG"]
[Result "1-0"]
[WhiteElo "2493"]
[BlackElo "2217"]
[TimeControl "180+1"]
[EndTime "14:16:40 PST"]
[Termination "Road2GM3000 won by resignation"]

1. d4 d5 2. c4 e6 3. cxd5 exd5 4. Nc3 Be7 5. Nf3 Nf6 6. Bf4 O-O 7. e3 Re8 8. Bd3 c6 9. Qc2 h6 10. Ne5 Nbd7 11.
Rg1 c5 12. O-O-O c4 13. Bf5 Nxe5 14. dxe5 Nh5 15. Nxd5 Bxf5 16. Qxf5 g6 17. Qe4 Qa5 18. Bxh6 Rad8 19. Nxe7+ Rxe7 20. Rxd8+ Qxd8 21. Bg5 f6 22. Qxg6+ Kh8 23. Qxh5+ Rh7 24. Bxf6+ Qxf6 25. exf6 Rxh5 26. h3 Rf5 27. f4 Rxf6 28. g4 Rd6 29. Rd1 Rh6 30.
Rh1 Rd6 31. e4 Rd3 32. e5 Kg7 33. f5 Re3 34. e6 Kf6 35. Kd2 Rd3+ 36. Kc2 b5 37. h4 Rd4 38. Rg1 b4 39. g5+ Kxf5 40.
g6 Rd8 41. g7 Rg8 42. e7 1-0

[Event "Late-Titled-Tuesday-Blitz-March-05-2024"]
[Site "Chess.com"]
[Date "2024.03.05"]
[Round "2"]
[White "alexrustemov"]
[Black "xasid81"]
[Result "1-0"]
[WhiteElo "2808"]
[BlackElo "2563"]
[TimeControl "180+1"]
[EndTime "14:16:42 PST"]
[Termination "alexrustemov won by resignation"]

1. d4 d5 2. c4 c6 3. Nc3 Nf6 4. e3 e6 5. Nf3 Nbd7 6. Qc2 Be7 7.
Bd3 O-O 8. O-O h6 9. Rd1 b6 10. b3 Bb7 11. Bb2 a6 12. Rac1 c5 13. Nxd5 exd5 14. cxd5 Nxd5 15. dxc5 bxc5 16. Bh7+ Kh8 17.
Bf5 Bc6 18. Bxd7 Qxd7 19. e4 Rad8 20. Ne5 Nb4 21. Rxd7 Nxc2 22. Rxe7 Be8 23. Rxe8 Rfxe8 24. Nxf7+ Kg8 25. Nxd8 Rxd8 26. Kf1 Nb4 27. a3 Nd3 28. Rd1 Rd7 29. g3 Ne5 30. Rxd7 Nxd7 31. Ke2 Kf7 32.
Kd3 Nb6 33. f4 g6 34. g4 h5 35. h3 hxg4 36. hxg4 Ke6 37. f5+ gxf5 38. exf5+ Kf7 39. g5 Ke7 40. g6 a5 41. Bg7 a4 42. f6+ 1-0

[Event "Late-Titled-Tuesday-Blitz-March-05-2024"]
[Site "Chess.com"]
[Date "2024.03.05"]
[Round "2"]
[White "TokChess"]
[Black "lamomiajunior"]
[Result "0-1"]
[WhiteElo "2532"]
[BlackElo "2716"]
[TimeControl "180+1"]
[EndTime "14:16:42 PST"]
[Termination "lamomiajunior won by resignation"]

1. e4 g6 2. Nf3 Bg7 3. Bc4 e6 4. d3 d6 5. O-O Ne7 6. a4 O-O 7.
Bb3 a5 8. Re1 b6 9. Nbd2 Bb7 10.
Nf1 Nd7 11. c3 d5 12. e5 c5 13. Ng3 Rc8 14. Bc2 d4 15. Bf4 h6 16. h4 dxc3 17.
bxc3 Bxf3 18. Qxf3 Nd5 19. Bb3 Nxc3 20. Rac1 Nd5 21. Bxd5 exd5 22. Qxd5 Qxh4 23. Qxd7 Qxf4 24. Rc4 Qd2 25. Re2 Qd1+ 26. Kh2 Rcd8 27. Qc6 Qxd3 28. Rce4 Qb3 29. R2e3 Qe6 30. Qxe6 fxe6 31. f3 Rd5 32.
f4 Rd4 33. Rxd4 cxd4 34. Re4 Rd8 35. Nf1 Bf8 36. Kg3 d3 37. Re1 Bb4 38. Rd1 d2 39.
Kf3 Kf7 40. g3 g5 41. Ke3 gxf4+ 42. gxf4 Kg6 0-1

[Event "Late-Titled-Tuesday-Blitz-March-05-2024"]
[Site "Chess.com"]
[Date "2024.03.05"]
[Round "2"]
[White "rychessmaster1"]
[Black "traack"]
[Result "1-0"]
[WhiteElo "2706"]
[BlackElo "2442"]
[TimeControl "180+1"]
[EndTime "14:16:42 PST"]
[Termination "rychessmaster1 won by resignation"]

1. d4 Nf6 2. c4 c5 3. d5 b5 4. cxb5 a6 5. e3 axb5 6. Bxb5 g6 7. Nc3 Bg7 8. a4 O-O 9. Nf3 d6 10. h3 Ne8 11. O-O Nc7 12. Bd2 Ba6 13. Qe2 Qc8 14. e4 Qb7 15. Rfb1 Nd7 16. Bxa6 Qxa6 17.
Nb5 Nxb5 18. axb5 Qxa1 19. Rxa1 Rxa1+ 20. Kh2 Rfa8 21. Bc3 Nb6 22. e5 Nxd5 23. exd6 Nxc3 24. bxc3 exd6 25. c4 R1a2 26. Qe4 Rb8 27. Qc6 Bf8 28. Qc7 Re8 29. Ng5 Be7 30. Qd7 Raa8 31. Ne4 Rad8 32.
Qc6 Kg7 33. b6 f5 34. Nc3 Bf6 35. Nd5 Be5+ 36. f4 Bd4 37. b7 Rb8 38. Qc7+ Kh6 39. Ne7 Be3 40. g3 Bd4 41. Kg2 1-0

[Event "Late-Titled-Tuesday-Blitz-March-05-2024"]
[Site "Chess.com"]
[Date "2024.03.05"]
[Round "2"]
[White "Genghis_K"]
[Black "lefonghua"]
[Result "1-0"]
[WhiteElo "2942"]
[BlackElo "2607"]
[TimeControl "180+1"]
[EndTime "14:16:45 PST"]
[Termination "Genghis_K won by resignation"]

1. e4 c5 2. Nf3 g6 3. c3 Nc6 4. d4 d5 5. e5 cxd4 6. cxd4 Bg4 7.
Nbd2 Qb6 8. h3 Bxf3 9. Nxf3 e6 10. a3 Bg7 11. b4 Nge7 12. b5 Na5 13. a4 Nc4 14.
Bxc4 dxc4 15. Ba3 Qa5+ 16. Kf1 Nd5 17. Ng5 Bf8 18. Qf3 Qc7 19. Bxf8 Rxf8 20. Nxh7 Rh8 21.
Nf6+ Nxf6 22. Qxf6 Rh5 23. g4 Rh7 24. Kg2 Rd8 25.
Rhd1 c3 26. Rac1 c2 27. Rd3 Qc4 28. Qf3 Rd5 29. Rc3 Qxd4 30. R1xc2 Qxe5 31. Rc8+ Kd7 32. a5 Qd6 33. Qf6 1-0

[Event "Late-Titled-Tuesday-Blitz-March-05-2024"]
[Site "Chess.com"]
[Date "2024.03.05"]
[Round "2"]
[White "SameerMujumdar"]
[Black "Harry_Rakkel"]
[Result "0-1"]
[WhiteElo "2441"]
[BlackElo "2694"]
[TimeControl "180+1"]
[EndTime "14:16:45 PST"]
[Termination "Harry_Rakkel won by resignation"]

1. e4 c5 2. Nf3 e6 3. d4 cxd4 4. Nxd4 a6 5. c4 Nf6 6. Nc3 Qc7 7. a3 b6 8. Be2 Bb7 9. f3 Nc6 10. Be3 Bc5 11. O-O Nxd4 12. Bxd4 O-O 13. b4 Bxd4+ 14. Qxd4 d5 15. cxd5 exd5 16. e5 Rac8 17. Rac1 Nd7 18. f4 Rfd8 19. Bd3 g6 20. Ne2 Qb8 21. Bb1 Rxc1 22. Rxc1 Rc8 23. Rc3 Nf8 24. f5 Rxc3 25. Nxc3 Qc8 26. g4 Qd8 27. Ne4 Qh4 28. Nf6+ Kg7 29.
Qxb6 Qe1+ 30. Kg2 Qe2+ 31. Kg1 Qxe5 32. Qxb7 Qe1+ 33. Kg2 Qd2+ 34. Kg3 Qc3+ 35. Kf4 g5+ 0-1

[Event "Late-Titled-Tuesday-Blitz-March-05-2024"]
[Site "Chess.com"]
[Date "2024.03.05"]
[Round "2"]
[White "cristianserban1"]
[Black "Viktor_Poddubnyi"]
[Result "1-0"]
[WhiteElo "2512"]
[BlackElo "2282"]
[TimeControl "180+1"]
[EndTime "14:16:45 PST"]
[Termination "cristianserban1 won on time"]

1. Nf3 g6 2. b3 Bg7 3. d4 c5 4. Bb2 Nc6 5. e3 cxd4 6. Nxd4 Nxd4 7. Bxd4 e5 8. Bb2 d5 9. Bb5+ Kf8 10. O-O Ne7 11.
Nd2 Be6 12. Nf3 f6 13. Qd2 Kf7 14. Rfd1 Qb6 15. Be2 Rhd8 16. a4 Rac8 17. a5 Qc7 18. Rac1 a6 19. Bxe5 fxe5 20. Ng5+ Kf6 21. Nxh7+ Kf7 22.
Ng5+ Kf6 23. e4 d4 24. Rf1 Bh6 25. h4 Bxg5 26. Qxg5+ Kg7 27. f4 1-0

[Event "Late-Titled-Tuesday-Blitz-March-05-2024"]
[Site "Chess.com"]
[Date "2024.03.05"]
[Round "2"]
[White "StrackedAktonamee"]
[Black "trriinu"]
[Result "1-0"]
[WhiteElo "2497"]
[BlackElo "2232"]
[TimeControl "180+1"]
[EndTime "14:16:45 PST"]
[Termination "StrackedAktonamee won by resignation"]

1. e4 d5 2. exd5 Qxd5 3. Nc3 Qd6 4. Nf3 Nf6 5. Bc4 Nc6 6. h3 Bf5 7. d3 e6 8. Be3 a6 9. Qd2 O-O-O 10. O-O-O Qb4 11. Kb1 Qa5 12. a3 b5 13. Bb3 b4 14.
axb4 Bxb4 15. Qe1 Nd7 16. g4 Bg6 17. h4 h5 18. g5 Qf5 19. Qe2 Na5 20. Nd4 Qe5 21.
Qf3 Nb6 22. Nc6 Nxc6 23. Qxc6 Qa5 24. Na4 Kb8 25. Nxb6 cxb6 26. Bxb6 Qb5 27. Qc7+ 1-0

[Event "Late-Titled-Tuesday-Blitz-March-05-2024"]
[Site "Chess.com"]
[Date "2024.03.05"]
[Round "2"]
[White "HalfIsCrayfish"]
[Black "manitodeplomo"]
[Result "0-1"]
[WhiteElo "2532"]
[BlackElo "2720"]
[TimeControl "180+1"]
[EndTime "14:16:46 PST"]
[Termination "manitodeplomo won by resignation"]

1. e4 e6 2. d4 d5 3. Bd3 Nc6 4.
Ne2 Nb4 5. e5 Nxd3+ 6. Qxd3 Ne7 7. O-O Qd7 8. f4 h5 9. Be3 b6 10. c3 h4 11. Nd2 Nf5 12. Nf3 a5 13. Qd2 Ba6 14. Bf2 Be7 15. Rfd1 Bxe2 16. Qxe2 a4 17. g4 hxg3 18. hxg3 Ra5 19. Kg2 Qb5 20. Qc2 Kd7 21. Rh1 Raa8 22. Rac1 Qc4 23. b3 axb3 24. axb3 Qa6 25.
Rxh8 Rxh8 26. c4 dxc4 27. bxc4 Ra8 28. d5 Qa2 29. Qe4 Ra3 30. Rd1 Ne3+ 31. Kh3 Nxd1 32. dxe6+ fxe6 33. Qd4+ Ke8 34. Ng5 Bxg5 0-1

[Event "Late-Titled-Tuesday-Blitz-March-05-2024"]
[Site "Chess.com"]
[Date "2024.03.05"]
[Round "2"]
[White "Fandorine"]
[Black "MattyDPerrine"]
[Result "1-0"]
[WhiteElo "2920"]
[BlackElo "2598"]
[TimeControl "180+1"]
[EndTime "14:16:47 PST"]
[Termination "Fandorine won on time"]

1. e4 c5 2. Nf3 e6 3. b3 a6 4. Bb2 Nc6 5. c4 Nf6 6. e5 Ng4 7. h3 Nh6 8. Nc3 d6 9. exd6 e5 10. Bd3 Bxd6 11. Be4 Bd7 12. O-O O-O 13. Re1 Re8 14. a3 Nf5 15. Nd5 h6 16. b4 Rc8 17.
Rc1 cxb4 18. axb4 Ncd4 19. Bxf5 Nxf5 20. Nxe5 Be6 21. Ne3 Nxe3 22. Rxe3 Bxb4 23. Rg3 f6 24.
Ng4 Kh8 25. Nxf6 1-0

[Event "Late-Titled-Tuesday-Blitz-March-05-2024"]
[Site "Chess.com"]
[Date "2024.03.05"]
[Round "2"]
[White "jinbojinbo"]
[Black "Msb2"]
[Result "0-1"]
[WhiteElo "2632"]
[BlackElo "2995"]
[TimeControl "180+1"]
[EndTime "14:16:48 PST"]
[Termination "Msb2 won by resignation"]

1. e4 e6 2. d4 d5 3. Nc3 Nf6 4. e5 Nfd7 5. f4 c5 6. Nf3 Nc6 7. Be3 a6 8. a3 cxd4 9. Nxd4 Bc5 10.
Qd2 g5 11. Nxc6 Bxe3 12. Qxe3 bxc6 13. fxg5 Qc7 14. O-O-O Qxe5 15. Qd2 h6 16. gxh6 Qf6 17.
Kb1 Qxh6 18. Qe1 Rb8 19. h4 Kf8 20. g4 c5 21. g5 Qg7 22. Qg3 Qe5 23. Qf3 Bb7 24.
Bg2 d4 25. Ne4 d3 26. Rdf1 dxc2+ 27. Kc1 Qxb2+ 28. Kxb2 Bxe4+ 29. Kc1 Rb1+ 30. Kd2 Bxf3 31. Bxf3 Ne5 32. Be2 Rxf1 33. Rxf1 Rxh4 34. Kxc2 Rh2 35. Kd1 c4 36. Rf4 Rg2 37. Bxc4 Nxc4 38. Rxc4 Rxg5 39. Ke2 a5 40. Ke3 Rd5 0-1

[Event "Late-Titled-Tuesday-Blitz-March-05-2024"]
[Site "Chess.com"]
[Date "2024.03.05"]
[Round "2"]
[White "jinxy2009"]
[Black "Sjakkerntobi"]
[Result "0-1"]
[WhiteElo "2179"]
[BlackElo "2474"]
[TimeControl "180+1"]
[EndTime "14:16:48 PST"]
[Termination "Sjakkerntobi won on time"]

1. e4 e6 2. d4 d5 3. e5 c5 4.
c3 Qb6 5. Nf3 Bd7 6. Be2 Bb5 7.
Bxb5+ Qxb5 8. Na3 Qb6 9. dxc5 Bxc5 10. b4 Bf8 11. Be3 Qa6 12. Qb3 Ne7 13. c4 dxc4 14.
Nxc4 Nd5 15. O-O Bxb4 16. a3 Be7 17. Nd4 O-O 18. Rfb1 b6 19. a4 Nd7 20. a5 Nc5 21. Qc2 Qc8 22. axb6 axb6 23. Rxa8 Qxa8 24. Nxb6 Nxb6 25.
Rxb6 Rc8 26. Qb1 Na4 27. Nc6 Bf8 0-1

[Event "Late-Titled-Tuesday-Blitz-March-05-2024"]
[Site "Chess.com"]
[Date "2024.03.05"]
[Round "2"]
[White "FabianoCaruana"]
[Black "Malev212"]
[Result "1-0"]
[WhiteElo "3058"]
[BlackElo "2643"]
[TimeControl "180+1"]
[EndTime "14:16:49 PST"]
[Termination "FabianoCaruana won by resignation"]

1. d4 g6 2. e4 Bg7 3. Nc3 c5 4. d5 d6 5. Nf3 Nf6 6. Bb5+ Nfd7 7. a4 O-O 8. O-O Na6 9. Re1 Nc7 10. Bf1 a6 11. Bf4 Nf6 12. h3 Rb8 13. e5 dxe5 14.
Bxe5 b6 15. d6 exd6 16. Qxd6 Rb7 17. Rad1 Qxd6 18. Bxd6 Re8 19. Ne5 Bf8 20. Bc4 Be6 21.
Bxc7 Rxc7 22. Bxa6 c4 23. Bb5 Rec8 24. Nf3 Bb4 25. Nd4 Bd7 26. Re5 Bxc3 27. bxc3 Bxb5 28. Nxb5 Rc5 29. Re7 Ra8 30. Rd6 Rxa4 31. Rxf6 Rxb5 32.
Rfxf7 1-0

[Event "Late-Titled-Tuesday-Blitz-March-05-2024"]
[Site "Chess.com"]
[Date "2024.03.05"]
[Round "2"]
[White "Teidi96"]
[Black "GotCheeseCheckers"]
[Result "1-0"]
[WhiteElo "2324"]
[BlackElo "2506"]
[TimeControl "180+1"]
[EndTime "14:16:49 PST"]
[Termination "Teidi96 won by resignation"]

1. e4 e5 2. Nf3 Nc6 3. Bb5 a6 4. Ba4 b5 5. Bb3 Na5 6. Nxe5 Nxb3 7. axb3 Qg5 8. Ng4 d5 9. h3 Bxg4 10. Qxg4 Qxg4 11. hxg4 dxe4 12. Nc3 Nf6 13. g5 Nd7 14. Nxb5 Bd6 15. Rh4 O-O 16. Nxd6 cxd6 17. Rxe4 Nc5 18. Re7 Rfe8 19. Rxe8+ Rxe8+ 20. Kf1 Rc8 21. d3 Ne6 22. c3 Nc5 23. Be3 Nxd3 24. Rxa6 Kf8 25. Rxd6 Nxb2 26. Rd2 Rxc3 27. Rxb2 Ke8 28. b4 Kd7 29. b5 Kc8 30. b6 Kb7 31. Ra2 1-0

[Event "Late-Titled-Tuesday-Blitz-March-05-2024"]
[Site "Chess.com"]
[Date "2024.03.05"]
[Round "2"]
[White "prochn"]
[Black "Goryachkina"]
[Result "0-1"]
[WhiteElo "2465"]
[BlackElo "2710"]
[TimeControl "180+1"]
[EndTime "14:16:50 PST"]
[Termination "Goryachkina won on time"]

1. d4 Nf6 2. c4 e6 3. g3 d5 4. Bg2 c5 5. Nf3 cxd4 6. O-O Nc6 7.
Nxd4 Bc5 8. Nb3 Bb6 9. cxd5 Nxd5 10. Nc3 O-O 11. Nxd5 exd5 12. Qxd5 Qxd5 13. Bxd5 Rd8 14. Bg2 Be6 15. Bf4 a5 16. Bxc6 bxc6 17. Nd2 Bd4 18.
Rac1 Bxb2 19. Rxc6 a4 20. Nc4 a3 21. e4 Rac8 22. Rxc8 Rxc8 0-1

[Event "Late-Titled-Tuesday-Blitz-March-05-2024"]
[Site "Chess.com"]
[Date "2024.03.05"]
[Round "2"]
[White "Burgsvik"]
[Black "DeArron_Fox"]
[Result "0-1"]
[WhiteElo "2357"]
[BlackElo "2557"]
[TimeControl "180+1"]
[EndTime "14:16:59 PST"]
[Termination "DeArron_Fox won by resignation"]

1. e4 c5 2. Nf3 e6 3. d4 cxd4 4. Nxd4 a6 5. Bd3 Bc5 6. Nb3 Ba7 7. Qe2 Ne7 8. Be3 Bxe3 9. Qxe3 O-O 10. N1d2 Nbc6 11.
f4 b5 12. O-O Qc7 13. Kh1 Bb7 14.
f5 f6 15. a4 Nb4 16. axb5 axb5 17. fxe6 dxe6 18. Nd4 Qb6 19. c3 Rxa1 20. Rxa1 e5 21. cxb4 exd4 22. Qh3 Ng6 23. Re1 Qd6 24. Bxb5 Qxb4 25.
Qb3+ Qxb3 26. Nxb3 Rd8 27. Nc5 Bc8 28. Bc4+ Kf8 29.
b4 Ne5 30. Ne6+ Bxe6 31. Bxe6 Ke7 32. Bd5 Rb8 33. Rb1 d3 34. Kg1 d2 35. Rd1 Rxb4 36.
Rxd2 Ng4 37. g3 Rb1+ 38. Kg2 h5 39. h3 Ne3+ 40. Kf3 Nf1 41. Ke2 Nxd2 42. Kxd2 Ra1 43. Ke3 Ra3+ 44. Kf4 g5+ 45. Kf5 Rxg3 46. e5 fxe5 47.
Kxe5 Rxh3 48. Kf5 Rg3 49. Kg6 h4 50. Kf5 h3 0-1

[Event "Late-Titled-Tuesday-Blitz-March-05-2024"]
[Site "Chess.com"]
[Date "2024.03.05"]
[Round "2"]
[White "Eeleyah"]
[Black "LUISMIGUELOV"]
[Result "1-0"]
[WhiteElo "2466"]
[BlackElo "2167"]
[TimeControl "180+1"]
[EndTime "14:16:59 PST"]
[Termination "Eeleyah won by resignation"]

1. d4 Nf6 2. c4 e6 3. g3 d5 4. Bg2 c6 5. Nd2 Bd6 6. Ngf3 O-O 7. Qc2 Re8 8. O-O Nbd7 9. Rd1 Qe7 10. e4 Nxe4 11. Nxe4 dxe4 12. Qxe4 e5 13. dxe5 Nxe5 14. Nxe5 Bxe5 15. Bf4 Bf6 16. Qc2 Bg4 17.
Rf1 Qe2 18. Qb3 Re7 19. Bd6 Rd7 20. c5 Qxb2 21. Qxb2 Bxb2 22. Rab1 Bf6 23. Rfe1 g6 24. a4 a6 25. Rb6 Be6 26. Reb1 Ra7 27. Bb8 Ra8 28. Rxb7 Rxb7 29. Rxb7 Bd4 30. Bd6 Bd5 31. Bxd5 cxd5 32. c6 Rc8 33. c7 f5 34. Rb8 1-0

[Event "Late-Titled-Tuesday-Blitz-March-05-2024"]
[Site "Chess.com"]
[Date "2024.03.05"]
[Round "2"]
[White "steepedgames"]
[Black "Rud_2008"]
[Result "0-1"]
[WhiteElo "2536"]
[BlackElo "2738"]
[TimeControl "180+1"]
[EndTime "14:17:00 PST"]
[Termination "Rud_2008 won by resignation"]

1. d4 Nf6 2. Bg5 Ne4 3. Bf4 d5 4. f3 Nf6 5. c4 e6 6. Nc3 c6 7. e3 Nbd7 8. Bd3 dxc4 9. Bxc4 b5 10.
Bd3 a6 11. Nge2 c5 12. O-O Bb7 13. Kh1 Be7 14. Rc1 O-O 15. Bg3 Qb6 16. Bb1 Rfd8 17. Qe1 Rac8 18. Bf2 e5 19. dxe5 Nxe5 20. Nf4 b4 21.
Ne4 Nxe4 22. fxe4 c4 23. Nd5 Qe6 24. Nxb4 Nd3 25. Nxd3 cxd3 26. Rxc8 Bxc8 27. Qa5 Qxe4 28. Be1 Bb7 29. Rg1 Qxe3 30. Bb4 d2 31. Bxe7 Qxg1+ 32. Kxg1 d1=Q+ 33. Kf2 Rd2+ 0-1

[Event "Late-Titled-Tuesday-Blitz-March-05-2024"]
[Site "Chess.com"]
[Date "2024.03.05"]
[Round "2"]
[White "ValeriyGrinev"]
[Black "carloseduar100"]
[Result "1-0"]
[WhiteElo "2564"]
[BlackElo "2360"]
[TimeControl "180+1"]
[EndTime "14:17:01 PST"]
[Termination "ValeriyGrinev won by resignation"]

1. e4 e6 2. d4 d5 3. e5 c5 4. c3 Nc6 5. Nf3 Qb6 6. Bd3 cxd4 7.
O-O Bd7 8. Re1 dxc3 9. Nxc3 g6 10. Be3 d4 11. Nxd4 Nxd4 12. Qg4 Bc5 13. Ne4 h5 14. Qf4 g5 15. Nxg5 Nf5 16. Bxf5 Bxe3 17. Rxe3 exf5 18. e6 fxe6 19. Qxf5 O-O-O 20. Rc1+ Kb8 21. Qe5+ Ka8 22. Qxh8 Ne7 23. Qe5 Nc6 24. Qf6 e5 25. Rb3 Qd4 26. Nf3 Qd5 27. Re3 Bg4 28. Nxe5 Nxe5 29. Qxe5 Qd1+ 30.
Rxd1 Rxd1+ 31. Re1 1-0

[Event "Late-Titled-Tuesday-Blitz-March-05-2024"]
[Site "Chess.com"]
[Date "2024.03.05"]
[Round "2"]
[White "adricalderon8"]
[Black "SamCopeland"]
[Result "0-1"]
[WhiteElo "2512"]
[BlackElo "2337"]
[TimeControl "180+1"]
[EndTime "14:17:01 PST"]
[Termination "SamCopeland won by resignation"]

1. d4 f5 2. Nf3 Nf6 3. c4 g6 4.
g3 Bg7 5. Bg2 O-O 6. O-O d6 7.
Nc3 Qe8 8. d5 a5 9. Be3 Na6 10.
Rc1 b6 11. Bd4 Nc5 12. Nb5 Qd8 13. Ng5 Bd7 14. a4 h6 15. Ne6 Bxe6 16. dxe6 Nxe6 17.
Bxa8 Qxa8 18. Bxf6 Bxf6 19. Qd5 Qxd5 20. cxd5 Nc5 21. Nxc7 Nxa4 22. Ne6 Rb8 23. b3 Nc5 24. Nxc5 bxc5 25. Rb1 Rb4 26. Rfd1 Kf7 27. e3 g5 28. Kf1 f4 29. gxf4 gxf4 30. Ke2 Be5 31. h3 Kf6 32. Rdc1 Kf5 33. Rc4 Rxc4 34. bxc4 a4 35. Rb7 a3 36. Ra7 Bb2 37. Kf3 fxe3 38. fxe3 Kg5 39. Ke4 Kh4 40. Kd3 Kxh3 41. Kc2 Bf6 42. Rxa3 Kg2 43. Kd3 h5 44. Ke4 h4 45. Ra2+ Kg3 46. Ra8 h3 47. Rg8+ Kf2 48. Ra8 h2 49. Ra2+ Kg3 0-1

[Event "Late-Titled-Tuesday-Blitz-March-05-2024"]
[Site "Chess.com"]
[Date "2024.03.05"]
[Round "2"]
[White "GMthekingindian"]
[Black "biostatistician"]
[Result "0-1"]
[WhiteElo "2302"]
[BlackElo "2598"]
[TimeControl "180+1"]
[EndTime "14:17:02 PST"]
[Termination "biostatistician won by resignation"]

1. e4 e5 2. Nf3 Nc6 3. Nc3 Nf6 4.
d4 exd4 5. Nxd4 Bb4 6. Nxc6 bxc6 7. Bd3 O-O 8. O-O d5 9. exd5 cxd5 10. Bg5 c6 11. Qf3 Re8 12. h3 h6 13. Bh4 Bd7 14.
Rfe1 g5 15. Rxe8+ Nxe8 16. Bg3 Qf6 17. Qxf6 Nxf6 18. Be5 Ne8 19. Nd1 f6 20. Bc3 a5 21.
a3 Bd6 22. Ne3 Be5 23. Bf5 Ra7 24. Bxd7 Rxd7 25. Bxa5 Bxb2 26. Ra2 Rb7 27. Nf5 Be5 28. g3 h5 29. Bb4 Kf7 30. c4 Ke6 31. g4 dxc4 32. Rc2 hxg4 33. hxg4 c5 34. Bxc5 c3 35. Bd4 Rb3 36. a4 Ra3 37. a5 Nd6 38. Bxe5 Kxe5 39. Nxd6 Kxd6 40. Kg2 Kd5 41. Kf3 Kd4 42. Re2 Rxa5 43.
Re6 c2 44. Rd6+ Rd5 45. Rc6 Rc5 46. Rd6+ Kc3 0-1

[Event "Late-Titled-Tuesday-Blitz-March-05-2024"]
[Site "Chess.com"]
[Date "2024.03.05"]
[Round "2"]
[White "VinzentSpitzl"]
[Black "Kiborg95"]
[Result "0-1"]
[WhiteElo "2544"]
[BlackElo "2788"]
[TimeControl "180+1"]
[EndTime "14:17:05 PST"]
[Termination "Kiborg95 won by resignation"]

1. e4 d6 2. d4 Nf6 3. Nc3 Nbd7 4.
Nge2 e5 5. h3 h5 6. Be3 c6 7. a4 b6 8. g3 a6 9. Bg2 Bb7 10. O-O Be7 11. d5 O-O 12. dxc6 Bxc6 13. Nd5 Bxd5 14. exd5 b5 15. axb5 axb5 16. Rxa8 Qxa8 17.
Qd3 Rc8 18. c3 e4 19. Bxe4 Ne5 20. Qb1 Nxe4 21. Qxe4 Qa2 22. Bd4 Bf6 23. f4 Nd7 24.
Qb1 Qxd5 25. Bxf6 Nxf6 26. Nd4 b4 27. Qd3 bxc3 28. bxc3 Rb8 29. Ra1 g6 30. c4 Qc5 31.
Kg2 Rb2+ 32. Kf3 Qb4 33. g4 Qb7+ 34. Ke3 hxg4 35. Nb5 Qf3+ 36. Kd4 Qxf4+ 37. Kc3 Rf2 38. Qxd6 Ne4+ 39. Kb4 Rb2+ 0-1

[Event "Late-Titled-Tuesday-Blitz-March-05-2024"]
[Site "Chess.com"]
[Date "2024.03.05"]
[Round "2"]
[White "Vesapesa"]
[Black "LastHeroJr"]
[Result "0-1"]
[WhiteElo "2226"]
[BlackElo "2494"]
[TimeControl "180+1"]
[EndTime "14:17:05 PST"]
[Termination "LastHeroJr won by resignation"]

1. e4 c6 2. d4 d5 3. exd5 cxd5 4. Bd3 Nc6 5. c3 Nf6 6. Bf4 Qb6 7. Qb3 Bg4 8. Nd2 e6 9. Ngf3 Be7 10. h3 Bh5 11.
O-O O-O 12. Ne5 Nxe5 13. dxe5 Nd7 14. Qc2 Bg6 15. Nb3 Rac8 16. Bxg6 hxg6 17. Qe2 Nc5 18. Be3 Qc7 19. Nxc5 Bxc5 20. Bxc5 Qxc5 21. Rad1 Qa5 22.
a3 Rc4 23. Rd2 Re4 24. Qf3 Rxe5 25. Rd4 Rf5 26. Qg3 Rc8 27. Rfd1 Qc7 28. Qg4 b6 29. Qe2 Qe5 30. Qd2 Rc4 31. Rxc4 dxc4 32. Qd8+ Kh7 33. Qh4+ Rh5 34. Qxc4 Qb5 35. Qc8 Qxb2 36. Rd8 Qc1+ 37. Kh2 Qf4+ 38. Kg1 g5 39. Rh8+ Kg6 40. Rxh5 Kxh5 41.
Qc6 Qc1+ 42. Kh2 Qxa3 43. g4+ Kh6 44. Qc8 Qd6+ 45. Kg1 Kh7 46. Qe8 Kg6 47. Qh8 Kf6 48. Qh7 a5 49. Qe4 Qd1+ 50. Kh2 Qd5 51. Qe3 Qe5+ 0-1

[Event "Late-Titled-Tuesday-Blitz-March-05-2024"]
[Site "Chess.com"]
[Date "2024.03.05"]
[Round "2"]
[White "MeisterJabo"]
[Black "PawnEatingZombie"]
[Result "1-0"]
[WhiteElo "2462"]
[BlackElo "2162"]
[TimeControl "180+1"]
[EndTime "14:17:05 PST"]
[Termination "MeisterJabo won by resignation"]

1. c4 Nf6 2. g3 g6 3. Bg2 Bg7 4. Nc3 O-O 5. e4 d6 6. d4 c5 7. Nf3 cxd4 8. Nxd4 Nc6 9. Nc2 Be6 10. Nd5 Nd7 11.
O-O Rc8 12. Rb1 a6 13. b3 b5 14. Nce3 bxc4 15. Nxc4 Nce5 16. Bg5 f6 17. Bf4 Nxc4 18.
bxc4 Rxc4 19. Rb7 Re8 20. Qb3 Rc8 21. Be3 Rb8 22. Rc1 Rxb7 23. Qxb7 Ne5 24. Rc7 Bxd5 25.
Qxd5+ Kh8 26. Rb7 Qa5 27. Qxa5 1-0

[Event "Late-Titled-Tuesday-Blitz-March-05-2024"]
[Site "Chess.com"]
[Date "2024.03.05"]
[Round "2"]
[White "HajiyevKanan"]
[Black "HamedWafa4"]
[Result "0-1"]
[WhiteElo "2538"]
[BlackElo "2747"]
[TimeControl "180+1"]
[EndTime "14:17:06 PST"]
[Termination "HamedWafa4 won by resignation"]

1. d4 Nf6 2. Nf3 b6 3. g3 Bb7 4. Bg2 g6 5. O-O Bg7 6. b3 O-O 7. Bb2 d6 8. c4 Nbd7 9. d5 c6 10. dxc6 Bxc6 11. Nc3 Rc8 12. Qd2 Qc7 13. Rac1 Qb7 14. Rfd1 a6 15. Ne1 Bxg2 16. Nxg2 b5 17. Nd5 Nxd5 18. Bxg7 Kxg7 19. cxd5 Qb6 20. h4 Nf6 21.
Nf4 b4 22. Qd3 Ng4 23. e3 Ne5 24. Qe4 Rc3 25. Ne2 Rc7 26. Rxc7 Qxc7 27. Rc1 Qd7 28. Kg2 a5 29. Qd4 Kg8 30. Ng1 Qf5 31. f4 Ng4 32. e4 Qd7 33. Kf3 Nh2+ 34. Kg2 Ng4 35. Kf3 e5 36. dxe6 Qxe6 37. Rd1 Nf6 38. e5 dxe5 39.
Qxe5 Qg4+ 40. Kg2 Qxd1 41. Qxf6 Qc2+ 42. Kh3 Qxa2 43. Nf3 Qxb3 44. h5 Qe6+ 0-1

[Event "Late-Titled-Tuesday-Blitz-March-05-2024"]
[Site "Chess.com"]
[Date "2024.03.05"]
[Round "2"]
[White "wadsy27"]
[Black "stepanosinovsky"]
[Result "1-0"]
[WhiteElo "2629"]
[BlackElo "2384"]
[TimeControl "180+1"]
[EndTime "14:17:06 PST"]
[Termination "wadsy27 won on time"]

1. Nf3 Nf6 2. g3 g6 3. Bg2 Bg7 4. O-O O-O 5. c4 d6 6. Nc3 e5 7. d3 Nc6 8. Rb1 a5 9. a3 Nd4 10. b4 axb4 11. axb4 Bg4 12. e3 Nxf3+ 13. Bxf3 Bxf3 14.
Qxf3 c6 15. e4 Qd7 16. Bg5 Ne8 17. Ra1 Nc7 18. Be3 f5 19. Rxa8 Rxa8 20. exf5 Qxf5 21. Qe2 Ra3 22. Rc1 Ne6 23. Ne4 Nf4 24. gxf4 exf4 25. Bd2 f3 26. Qe3 Qh3 27. Qg5 Rxd3 28. Bf4 1-0